Map: 글리터링 애쉬즈 - 래더

Players

Nice

  • Race: Protoss Protoss

Creator - Winner!

  • Race: Protoss Protoss

Event: DreamHack SC2 Masters Last Chance 2022

VOD

Have the link to the VOD?

Description

Time

  • Played on: Dec. 15, 2021, 4:14 a.m.
  • Length: 12:35

All games in this series

Show
View Real Time Build Order
Export as new Build Order

Nice Protoss 

Build Orders: Oracle Opening, Archon Immortal 

Get SALT Encoding   

  12  0:00  Probe  
  13  0:12  Probe  
  14  0:18  Pylon  
  14  0:24  Probe (Chrono Boost)  
  15  0:37  Gateway  
  15  0:38  Probe (Chrono Boost)  
  16  0:43  Probe (Chrono Boost)  
  16  0:46  Assimilator  
  17  0:51  Assimilator  
  17  0:53  Probe (Chrono Boost)  
  18  1:06  Probe (Chrono Boost)  
  18  1:07  Gateway  
  19  1:13  Probe (Chrono Boost)  
  20  1:20  Probe  
  20  1:24  Cybernetics Core  
  21  1:32  Probe  
  22  1:35  Pylon  
  22  1:44  Probe  
  23  1:56  Probe  
  23  2:00  Adept x2  
  28  2:01  Warp Gate  
  29  2:08  Probe  
  29  2:15  Pylon  
  29  2:23  Stargate  
  29  2:33  Adept x2  
  32  3:03  Oracle (Chrono Boost)  
  32  3:10  Nexus  
  35  3:16  Pylon  
  35  3:25  Shield Battery  
  35  3:28  Shield Battery  
  35  3:31  Oracle (Chrono Boost)  
  33  3:57  Stalker  
  33  4:06  Oracle  
  33  4:09  Probe  
  36  4:31  Probe (Chrono Boost)  
  37  4:32  Probe (Chrono Boost)  
  34  4:41  Probe (Chrono Boost)  
  34  4:42  Probe (Chrono Boost)  
  37  4:46  Probe x2 (Chrono Boost)  
  39  4:57  Probe  
  39  4:59  Probe, Shield Battery  
  41  5:06  Robotics Facility  
  38  5:07  Sentry x2  
  38  5:10  Probe (Chrono Boost)  
  38  5:11  Probe (Chrono Boost)  
  44  5:23  Probe (Chrono Boost)  
  44  5:25  Probe (Chrono Boost)  
  46  5:31  Stalker, Sentry  
  46  5:32  Probe (Chrono Boost)  
  46  5:33  Probe (Chrono Boost)  
  52  5:38  Assimilator, Probe (Chrono Boost)  
  52  5:39  Probe (Chrono Boost)  
  52  5:42  Assimilator  
  54  5:46  Pylon  
  54  5:47  Probe  
  55  5:50  Probe  
  55  5:53  Observer, Forge  
  57  6:00  Probe  
  57  6:02  Probe  
  59  6:12  Probe  
  59  6:14  Probe (Chrono Boost)  
  59  6:16  Observer  
  62  6:19  Nexus  
  62  6:20  Pylon  
  64  6:26  Gateway, Probe (Chrono Boost)  
  64  6:28  Protoss Ground Weapons Level 1  
  64  6:30  Probe (Chrono Boost)  
  64  6:38  Immortal (Chrono Boost)  
  70  6:48  Stalker x2  
  72  6:57  Probe  
  72  6:58  Probe  
  72  7:00  Twilight Council  
  74  7:10  Probe x2  
  74  7:12  Shield Battery  
  74  7:13  Stalker  
  78  7:17  Pylon  
  78  7:18  Pylon  
  75  7:29  Probe  
  70  7:31  Stalker x2  
  70  7:34  Immortal (Chrono Boost)  
  73  7:37  Probe (Chrono Boost)  
  73  7:41  Probe (Chrono Boost)  
  73  7:43  Probe (Chrono Boost)  
  78  7:47  Charge  
  78  7:49  Probe (Chrono Boost), Templar Archives  
  80  7:52  Probe (Chrono Boost)  
  80  7:55  Probe x2 (Chrono Boost)  
  80  7:56  Probe (Chrono Boost)  
  80  7:57  Pylon  
  83  8:03  Probe  
  83  8:04  Probe  
  85  8:07  Probe  
  85  8:11  Pylon  
  86  8:15  Gateway  
  86  8:16  Gateway  
  86  8:18  Gateway  
  86  8:19  Probe  
  87  8:20  Probe  
  87  8:21  Probe  
  87  8:26  Assimilator  
  89  8:29  Assimilator  
  89  8:31  High Templar x3  
  95  8:34  Probe, Shield Battery  
  95  8:35  Archon, Probe  
  95  8:38  Protoss Ground Weapons Level 2 (Chrono Boost)  
  98  8:42  Pylon  
  98  8:47  Immortal  
  101  8:56  Gateway  
  101  8:58  Gateway  
  101  9:01  Photon Cannon  
  101  9:03  High Templar x2  
  101  9:06  High Templar  
  107  9:11  Archon  
  107  9:12  Archon  
  107  9:15  Observer  
  107  9:17  Observer  
  107  9:20  Pylon  
  107  9:24  Probe  
  107  9:25  Nexus  
  107  9:26  Probe  
  107  9:27  Immortal (Chrono Boost), Probe  
  114  9:34  Photon Cannon  
  114  9:38  Phoenix  
  114  9:45  High Templar x2  
  117  9:46  Zealot x4, Shield Battery  
  117  9:47  Probe  
  117  9:50  Archon  
  117  9:51  Probe x2  
  128  9:57  Pylon  
  128  9:59  Probe  
  129  10:02  Warp Prism (Chrono Boost)  
  131  10:07  Probe  
  131  10:08  Probe  
  133  10:15  Probe, Pylon  
  133  10:17  Pylon  
  133  10:18  Pylon  
  133  10:19  Pylon  
  132  10:26  High Templar x4  
  132  10:27  High Templar x2  
  140  10:31  Archon  
  140  10:32  Archon x2  
  136  10:40  Zealot x2  
  124  10:59  Zealot x6  
  124  11:00  Zealot x2  
  128  11:06  Probe  
  128  11:07  Probe x2  
  128  11:08  Immortal  
  121  11:20  Zealot x3  
  121  11:22  Zealot x3  
  128  11:37  Twilight Council  
  128  11:48  Assimilator  
  128  11:49  Immortal (Chrono Boost), Pylon  
  128  11:53  Assimilator x2  
  132  11:54  Pylon  
  132  11:55  Pylon  
  132  11:57  Pylon  
  132  12:02  Gateway  
  132  12:04  Zealot  
  132  12:05  Zealot x2, Gateway  
  132  12:07  Zealot x3  
  139  12:13  Shield Battery  
  90  12:27  Zealot x4  
  90  12:28  Zealot x2  
Show
View Real Time Build Order
Export as new Build Order

Creator Protoss - Winner!

Build Orders:  

Get SALT Encoding   

  12  0:00  Probe  
  13  0:12  Probe  
  14  0:17  Pylon  
  14  0:24  Probe (Chrono Boost)  
  15  0:36  Gateway, Probe (Chrono Boost)  
  16  0:44  Probe (Chrono Boost)  
  16  0:45  Assimilator  
  17  0:51  Probe  
  18  0:57  Assimilator  
  18  1:03  Probe (Chrono Boost)  
  19  1:08  Gateway  
  19  1:12  Probe (Chrono Boost)  
  19  1:17  Probe (Chrono Boost)  
  20  1:24  Cybernetics Core  
  21  1:29  Probe  
  22  1:35  Pylon  
  22  1:41  Probe  
  23  1:53  Probe  
  24  2:00  Stalker  
  24  2:01  Stalker, Warp Gate (Chrono Boost)  
  28  2:11  Pylon  
  28  2:14  Shield Battery  
  28  2:26  Pylon  
  28  2:32  Sentry  
  28  2:33  Sentry  
  32  2:48  Nexus  
  32  2:56  Probe  
  33  2:59  Sentry  
  33  3:03  Stalker  
  37  3:08  Pylon  
  37  3:18  Shield Battery  
  37  3:21  Shield Battery  
  37  3:33  Gateway  
  37  3:42  Stalker  
  37  3:46  Stalker  
  37  3:48  Probe  
  42  4:01  Probe x2 (Chrono Boost)  
  44  4:03  Twilight Council  
  44  4:13  Probe (Chrono Boost)  
  46  4:19  Probe (Chrono Boost)  
  46  4:21  Phoenix  
  46  4:22  Probe (Chrono Boost)  
  45  4:26  Probe (Chrono Boost)  
  45  4:27  Probe  
  45  4:29  Stalker x2  
  51  4:35  Blink (Chrono Boost)  
  51  4:37  Probe  
  52  4:39  Probe  
  53  4:49  Probe  
  53  4:52  Probe  
  55  4:54  Stalker  
  55  4:55  Stalker  
  55  4:57  Pylon  
  59  5:01  Probe  
  59  5:04  Probe  
  61  5:09  Robotics Facility  
  61  5:13  Probe  
  62  5:16  Phoenix, Probe  
  62  5:18  Stalker  
  62  5:19  Stalker  
  67  5:32  Nexus  
  67  5:36  Probe x2  
  67  5:38  Pylon  
  67  5:42  Assimilator  
  69  5:46  Forge  
  69  5:50  Pylon  
  69  5:51  Probe  
  69  5:55  Gateway  
  69  5:56  Probe  
  71  5:59  Observer, Gateway  
  72  6:08  Stalker x2  
  72  6:09  Probe  
  72  6:11  Probe  
  78  6:17  Protoss Ground Weapons Level 1 (Chrono Boost)  
  78  6:20  Observer  
  78  6:21  Probe  
  78  6:23  Probe  
  81  6:32  Adept x2  
  85  6:41  Immortal (Chrono Boost), Shield Battery  
  85  6:44  Pylon  
  89  6:51  Probe x3  
  92  7:00  Stalker x4  
  100  7:09  Probe x2  
  100  7:11  Probe  
  107  7:15  Immortal  
  107  7:17  Pylon  
  107  7:18  Pylon x2  
  105  7:28  Probe x2  
  107  7:33  Stalker  
  105  7:40  Probe x2  
  105  7:41  Phoenix, Probe  
  105  7:43  Gateway x2  
  106  7:48  Gateway  
  106  7:50  Gateway  
  106  7:51  Templar Archives  
  106  7:54  Probe x3  
  106  7:55  Assimilator x2  
  106  7:56  Pylon  
  106  7:57  Warp Prism (Chrono Boost)  
  111  8:05  Pylon  
  111  8:10  Protoss Ground Weapons Level 2 (Chrono Boost)  
  111  8:11  Zealot x4  
  119  8:22  Observer  
  119  8:24  Nexus  
  119  8:25  Shield Battery  
  119  8:27  Pylon  
  119  8:35  Probe x2  
  119  8:36  Probe  
  122  8:43  Observer  
  122  8:51  High Templar x3  
  122  8:52  Zealot, High Templar  
  122  8:53  Zealot x3  
  138  8:56  Archon x2  
  138  9:00  Gateway  
  138  9:01  Photon Cannon, Gateway  
  138  9:06  Shield Battery  
  138  9:15  Pylon  
  138  9:18  Photon Cannon  
  138  9:19  High Templar x2  
  138  9:20  Zealot x4  
  150  9:25  Archon  
  150  9:26  Photon Cannon  
  150  9:29  Zealot x2  
  154  9:46  Zealot, High Templar x2  
  154  9:47  Zealot  
  154  9:50  Pylon  
  154  9:52  Zealot x2, Archon, Pylon  
  164  9:53  Zealot x2  
  164  9:58  High Templar x2  
  174  10:04  Charge (Chrono Boost)  
  174  10:08  Archon  
  171  10:28  Stalker x6  
  181  10:34  Stalker  
  179  10:42  Stalker x2  
  181  10:43  Zealot  
  167  10:52  Zealot x6  
  167  10:53  Immortal  
  155  11:00  Stalker  
  139  11:04  Stalker  
  139  11:05  Stalker x2  
  129  11:13  Zealot x4  
  111  11:27  Probe x2  
  111  11:28  Zealot x6, Assimilator, Probe  
  111  11:29  Assimilator  
  111  11:32  Immortal  
  128  11:33  Zealot  
  128  11:34  Zealot, High Templar x2  
  134  11:43  Archon  
  132  11:49  Stalker  
  132  11:50  Stalker x4  
  132  11:52  Zealot  
  144  11:55  Zealot x2  
  148  12:11  Zealot x5  
  148  12:13  Zealot x2  
  148  12:14  Zealot  
  164  12:20  Zealot x2  
  134  12:32  Stalker x2  
  134  12:33  Stalker x3  

Tags
 
Add a new tag
Caveats
  • Supply blocks, unpowered buildings, or Contaminate may cause inaccurate times.
  • Supply counts are checked every 10 seconds.